 Dungeon Crawl Stone Soup version 0.31-a0-978-g1e143483b6 (webtiles) character file.

Game seed: 9081180505114029833

474 Arzdou the Cudgeller (level 6, 0/53 HPs)
             Began as an Armataur Fighter on Oct 30, 2023.
             Was an Initiate of the Shining One.
             Frozen to death by an endoplasm (4 damage)
             ... on level 4 of the Dungeon.
             The game lasted 00:03:26 (2811 turns).

Arzdou the Cudgeller (Armataur Fighter)             Turns: 2811, Time: 00:03:28

Health: 0/53       AC:  8    Str: 22    XL:     6   Next: 84%
Magic:  6/6        EV:  7    Int:  8    God:    the Shining One [......]
Gold:   274        SH:  4    Dex: 11    Spells: 5/5 levels left

rFire   + . .        a - +0 flail
rCold   x . .        c - +0 buckler
rNeg    . . .        b - +0 scale mail
rPois   .            (no helmet)
rElec   .            (no cloak)
rCorr   .            j - +0 pair of gloves
SInv    .            (no barding)
Will    .....        (no amulet) Stlth
                     h - ring of fire
HPRegen 0.28/turn    (no ring)
MPRegen 0.10/turn

%: roll
@: mighty, lethally poisoned (0 -> -5), glowing
A: large, rugged brown scales 3, deformed body, armoured tail, roll, long
tongue, awkward tongue
a: Renounce Religion


You were on level 4 of the Dungeon.
You worshipped the Shining One.
The Shining One was noncommittal.
You visited 1 branch of the dungeon, and saw 4 of its levels.

You collected 274 gold pieces.

Inventory:

Hand Weapons
 a - a +0 flail (weapon)
Armour
 b - a +0 scale mail (worn)
 c - a +0 buckler (worn)
 j - a +0 pair of gloves (worn)
Jewellery
 h - a ring of fire (left hand)
 r - a +6 ring of intelligence
 s - an amulet of guardian spirit
 t - a +5 ring of evasion
Scrolls
 g - a scroll of silence {unknown}
 i - a scroll of fear {unknown}
 k - 4 scrolls of enchant weapon {unknown}
 m - a scroll of fog {unknown}
 o - 3 scrolls of identify {unknown}
 p - a scroll of acquirement {unknown}
 q - a scroll of teleportation {unknown}
 u - a scroll of vulnerability {unknown}
 v - a scroll of enchant armour {unknown}
Potions
 e - a potion of haste {unknown}
 f - 2 potions of magic {unknown}
 l - a potion of mutation {unknown}
 n - a potion of resistance {unknown}


   Skills:
 - Level 2.6 Fighting
 + Level 6.8 Maces & Flails
 - Level 3.6 Armour
 - Level 3.2 Shields


You had 5 spell levels left.
You didn't know any spells.
Your spell library contained the following spells:

 Spells                   Type           Power      Damage    Failure   Level
 Blink                    Tloc           0%         N/A       91%         2
 Lesser Beckoning         Tloc           0%         N/A       91%         2
 Momentum Strike          Conj/Tloc      0%         3d8       91%         2


Dungeon Overview and Level Annotations

Branches:
Dungeon (4/15)
 Temple: D:4-7

Altars:
Fedhas
Kikubaaqudgha
Qazlal
Sif Muna
The Shining One


Innate Abilities, Weirdness & Mutations

You are completely covered in rugged brown scales. (AC +3, +7% HP)
Armour fits poorly on your strangely shaped body.
You have a long armoured tail.
You roll when moving toward enemies. (Rampage)
Your long tongue fully drains potion bottles. (2x potion effects)
Your tongue gives you trouble enunciating. (1.5x scroll delay)


Message History

You kill the centaur!
The quokka bites you but does no damage.
You barely miss the quokka. The quokka bites you.
* * * LOW HITPOINT WARNING * * *
You closely miss the quokka.
The quokka bites you but does no damage.
You miss the quokka.
The quokka bites you but does no damage.
The quokka barely misses you.
You thump the quokka!
You kill the quokka!
The scorpion stings you.
* * * LOW HITPOINT WARNING * * *
You barely miss the scorpion. The scorpion closely misses you.
You hit the scorpion.
The scorpion is moderately wounded.
The scorpion barely misses you.
You completely miss the scorpion.
The scorpion is moderately wounded.
The scorpion stings you but does no damage.
The scorpion stings you.
* * * LOW HITPOINT WARNING * * *
You are poisoned.
The scorpion poisons you!
You hit the scorpion.
The scorpion is heavily wounded.
* * * LOW HITPOINT WARNING * * *
You feel very sick. You block the scorpion's attack.
You sock the scorpion!
You kill the scorpion!
* * * LOW HITPOINT WARNING * * *
You feel very sick.
You barely miss the endoplasm.
You feel sick. The endoplasm freezes you.
You are frozen.
You feel a terrible chill!
* * * LOW HITPOINT WARNING * * *
The endoplasm freezes you.
You are frozen.
You feel a terrible chill!
You die...

#.# ### r.##.# ... ##..
.J... #.# ..# .... #.#
.>. ...# #.# ###.####...#
#. ####.# #.....J....#...
#....# #.####.......
#.##.######J#......##.
#.#.......@).....=.....
#.#.#.########.#.#.#.###.
#.#.#. ...........
#.#<##############.#####
#.#........ ...
#.#.####### .... #.....#
.#### #.^...# #.....#


You could see an endoplasm.

Vanquished Creatures
  An ogre (D:4)
  A centaur (D:4)
  A scorpion (D:4)
  2 orc priests (D:3)
  An iguana (D:4)
  An orc wizard (D:3)
  Terence (D:2)
  3 adders
  2 worms (D:2)
  2 dart slugs
  5 orcs (D:3)
  10 endoplasms
  2 giant cockroaches
  7 goblins
  3 hobgoblins
  4 jackals (D:1)
  4 quokkas
  6 ball pythons
  7 bats
  4 frilled lizards
  4 kobolds
  6 rats
77 creatures vanquished.

Notes
Turn   | Place    | Note
-------+----------+-------------------------------------------
     0 | D:1      | Arzdou the Armataur Fighter began the quest for the Orb.
     0 | D:1      | Reached XP level 1. HP: 19/19 MP: 1/1
    68 | D:1      | Reached skill level 2 in Maces & Flails
   144 | D:1      | Reached XP level 2. HP: 19/26 MP: 2/2
   412 | D:1      | Reached skill level 3 in Maces & Flails
   570 | D:1      | Reached XP level 3. HP: 30/32 MP: 3/3
   999 | D:2      | Noticed Terence
  1010 | D:2      | Killed Terence
  1111 | D:2      | Reached skill level 4 in Maces & Flails
  1111 | D:2      | Reached XP level 4. HP: 39/39 MP: 4/4
  1640 | D:3      | Found a stormy altar of Qazlal.
  1699 | D:3      | Reached XP level 5. HP: 5/44 MP: 5/5
  1904 | D:3      | Reached skill level 5 in Maces & Flails
  2008 | D:3      | Found a blossoming altar of Fedhas.
  2011 | D:3      | Found an ancient bone altar of Kikubaaqudgha.
  2217 | D:3      | Found a shimmering blue altar of Sif Muna.
  2222 | D:3      | Found a glowing golden altar of the Shining One.
  2225 | D:3      | Became a worshipper of the Shining One
  2564 | D:4      | Noticed an ogre
  2569 | D:4      | Killed an ogre
  2570 | D:4      | Reached XP level 6. HP: 53/53 MP: 6/6
  2650 | D:4      | Reached skill level 6 in Maces & Flails
  2811 | D:4      | Frozen to death by an endoplasm

Illustrated notes

Levels and vault maps discovered:
D:1:      dpeg_arrival_round_b, layout_basic, kennysheep_another_room,
          minivault_26
D:2:      layout_loops_cross, uniq_terence
D:3:      layout_basic, minitemple, grunt_temple_overflow_growth_and_decay,
          minmay_hedge_maze
D:4:      layout_basic, nicolae_overflow_hidden_temple

Skill      XL: |  1  2  3  4  5  6 |
---------------+-------------------+-----
Maces & Flails | 2 3 4 5 6 |  6.8
Fighting       | |  2.6
Armour         | |  3.6
Shields        | |  3.2

Action                     |  1- 3 |  4- 6 || total
---------------------------+-------+-------++-------
  Melee: Flail             |   107 |   109 ||   216
         Tailslap          |    10 |    16 ||    26
    Use: Potion            |     1 |     1 ||     2
 Armour: Scale mail        |    70 |    78 ||   148
  Dodge: Dodged            |    34 |    32 ||    66
  Block: Buckler           |    24 |    18 ||    42

Table legend: (Time is in decaauts)
 A = Elapsed time spent in this place.
 B = Non-inter-level travel time spent in this place.
 C = Inter-level travel time spent in this place.
 D = Time resting spent in this place.
 E = Time spent auto-exploring this place.
 F = Levels seen in this place.
 G = Mean time per level.
                   A        B        C        D        E       F      G
               +--------+--------+--------+--------+--------+-----+--------+
         Total |   2859 |   2751 |    108 |      0 |   2271 |   4 |  714.8 |
       Dungeon |   2859 |   2751 |    108 |      0 |   2271 |   4 |  714.8 |
               +--------+--------+--------+--------+--------+-----+--------+

Top non-repeatable levels by time:
     D:3: 1083 daAuts
     D:1: 860 daAuts
     D:2: 636 daAuts
     D:4: 278 daAuts
